 Dungeon Crawl Stone Soup version 0.24-a0-441-g27f0392e16 (webtiles) character file.

Game seed: 1117640237946788618

26 KristoblXynda the Slasher (level 2, -1/25 HPs)
             Began as a Draconian Gladiator on June 19, 2019.
             Slain by a worm (5 damage)
             ... on level 2 of the Dungeon.
             The game lasted 00:00:59 (1009 turns).

KristoblXynda the Slasher (Draconian Gladiator)     Turns: 1009, Time: 00:00:59

Health: -1/25      AC:  4    Str: 16    XL:     2   Next: 89%
Magic:  2/2        EV: 13    Int:  8    God:
Gold:   71         SH:  0    Dex: 12    Spells: 1/1 levels left

rFire    . . .     SeeInvis .   a - +0 long sword
rCold    . . .     Gourm    .   (no shield)
rNeg     . . .     Faith    .   (armour unavailable)
rPois    .         Spirit   .   b - +0 hat
rElec    .         Reflect  .   (no cloak)
rCorr    .         Harm     .   (no gloves)
MR       .....                  (no boots)
Stlth    +.........             (no amulet)
HPRegen  0.08/turn              (no ring)
MPRegen  0.08/turn              (no ring)

@: no status effects
A: unfitting armour, cold-blooded, AC +4
a: no special abilities


You were on level 2 of the Dungeon.
You were not hungry.

You visited 1 branch of the dungeon, and saw 2 of its levels.

You collected 71 gold pieces.

Inventory:

Hand Weapons
 a - a +0 long sword (weapon)
Missiles
 c - 4 throwing nets (quivered)
Armour
 b - a +0 hat (worn)
Wands
 j - a wand of clouds (7)
Scrolls
 f - 2 scrolls of identify {unknown}
 h - a scroll of fog {unknown}
 i - a scroll of fear {unknown}
 k - a scroll of teleportation {unknown}
Potions
 e - 3 potions of heal wounds {unknown}
 g - a potion of ambrosia {unknown}
Comestibles
 d - 4 rations


   Skills:
 + Level 2.6 Fighting
 * Level 3.4 Long Blades
 - Level 2.0 Throwing
 + Level 3.0 Dodging


You had one spell level left.
You didn't know any spells.
Your spell library was empty.

Dungeon Overview and Level Annotations

Branches:
Dungeon (2/15)

Altars:


Innate Abilities, Weirdness & Mutations

Your plain brown scales are hard. (AC +4)
You cannot fit into any form of body armour.
You are cold-blooded and may be slowed by cold attacks.


Message History

Found a dagger.
A worm comes into view.
A worm is nearby!
The helpless worm fails to defend itself.
You hit the worm.
The worm is lightly wounded.
The worm bites you!
You barely miss the worm.
The worm is lightly wounded.
You slash the worm!
Your tail-slap misses the worm.
The worm is severely wounded.
The worm bites you.
You hit the worm.
Your tail-slap misses the worm.
The worm is almost dead.
The worm bites you!
* * * LOW HITPOINT WARNING * * *
You barely miss the worm.
The worm is almost dead.
The worm bites you.
You die...

♣.P.P.♣♣....###
♣.PP.P..♣#####
♣...♣.♣.♣♣
.♣.P♣♣..♣ ..
♣P..♣♣ .....♣P.♣
#.#########..#####
#................♣
######@########♣♣
#)w# #..# #...
#..P. #..♣..
#...P♣P #....P..


You could see a worm.

Vanquished Creatures
  2 dart slugs
  2 bats (D:1)
  2 giant cockroaches
  2 goblins (D:1)
  2 hobgoblins (D:1)
  2 jackals (D:2)
  4 kobolds (D:1)
  A ball python (D:1)
  6 rats
23 creatures vanquished.

Notes
Turn   | Place    | Note
-------+----------+-------------------------------------------
     0 | D:1      | KristoblXynda the Draconian Gladiator began the quest for
                  | the Orb.
     0 | D:1      | Reached XP level 1. HP: 17/17 MP: 1/1
   143 | D:1      | Reached XP level 2. HP: 25/25 MP: 2/2
  1009 | D:2      | Slain by a worm

Levels and vault maps discovered:
D:1:      mrwooster_arrival_statue, layout_basic, st_stairs_4,
          minmay_box_of_dots
D:2:      layout_basic, okawaru_altar_gauntlet_db, first_ration, serial_forest,
          infiniplex_forest_lined_3, infiniplex_forest_lined_room_2,
          infiniplex_forest_lined_room_2, infiniplex_forest_clump_diagonal,
          infiniplex_forest_end_2, infiniplex_forest_lined_3_way,
          infiniplex_forest_lined_2, infiniplex_forest_lined_3,
          infiniplex_forest_3_way

Skill      XL: |  1  2 |
---------------+-------+-----
Throwing       | 2 |  2.0
Dodging        | 3 |  3.0
Fighting       | |  2.6
Long Blades    | |  3.4

Action                   || total
-------------------------++-------
Melee: Long sword        ||    62
       Tailslap          ||     7
 Stab: Sleeping          ||     1
Armor: Skin              ||    26
Dodge: Dodged            ||    48
       Rpst.: Long sword ||    16

Table legend:
 A = Non-vault XP
 B = Vault XP
 C = Vault XP percentage of total XP
 D = Non-vault monster count
 E = Vault monster count
 F = Vault count percentage of total count
                 A         B        C        D         E       F
            +---------+---------+-------+---------+---------+-------
      Total |      29 |       9 |  23.7 |      17 |       6 |  26.1
            +---------+---------+-------+---------+---------+-------
        D:1 |      18 |       9 |  33.3 |      12 |       6 |  33.3
        D:2 |      11 |       0 |   0.0 |       5 |       0 |   0.0
            +---------+---------+-------+---------+---------+-------
